 Dungeon Sprint DCSS version 0.15-b1-129-g6fffc38 (webtiles) character file.

462 staplegun the Fighter (level 6, -6/67 HPs)
             Began as a Minotaur Berserker on Aug 28, 2014.
             Was an Elder of Trog.
             Killed from afar by an oklob sapling priest (15 damage)
             ... with a splash of acid
             ... in the Dungeon (Sprint IV: "Fedhas' Mad Dash").
             The game lasted 00:01:41 (974 turns).

staplegun the Fighter (Minotaur Berserker)           Turns: 974, Time: 00:01:41

HP  -6/67        AC  2     Str 23      XL: 6   Next: 79%
MP   3/3         EV 12     Int  4      God: Trog [****..]
Gold 53          SH  0     Dex 10      Spells:  0 memorised,  5 levels left

rFire  . . .     SeeInvis .     a - +0 mace
rCold  . . .     Clarity  .     b - +0 animal skin
rNeg   . . .     rCorr    .     (no shield)
rPois  .         rRot     .     (helmet restricted)
rElec  .         Spirit   .     (no cloak)
SustAb .         Warding  .     (no gloves)
rMut   .         NoTele   +     (no boots)
Gourm  .                        k - amulet of rage
MR     .....                    (no ring)
                                (no ring)

@: not resistant to hostile enchantments, very unstealthy
A: retaliatory headbutt, horns 2
a: Burn Spellbooks, Berserk, Trog's Hand, Brothers in Arms, Renounce Religion,
Evoke Berserk Rage


You were in the Dungeon.
You worshipped Trog.
Trog was greatly pleased with you.
You were not hungry.

You visited 1 branch You collected 53 gold pieces.

Inventory:

Hand weapons
 a - a +0 mace (weapon)
Armour
 b - a +0 animal skin (worn)
Comestibles
 c - 3 royal jellies
Scrolls
 i - a scroll of blinking
 j - a scroll of identify {unknown}
Jewellery
 k - an amulet of rage (around neck)
 l - an uncursed ring of invisibility
Potions
 d - a potion of curing
 g - 2 potions of magic
 h - a potion of berserk rage


   Skills:
 + Level 10.7 Fighting
 + Level 10.7 Maces & Flails
 + Level 10.3 Armour
 - Level 2.1 Dodging


You had 5 spell levels left.
You didn't know any spells.

Dungeon Overview and Level Annotations

Branches:
Dungeon (1/1)

Altars:
Cheibriados
Dithmenos
Elyvilon
Kikubaaqudgha
Makhleb
Nemelex Xobeh
Okawaru
Qazlal
Sif Muna
Trog
Vehumet
Xom
Yredelemnul
Zin
The Shining One
Beogh
Jiyva
Lugonu

Annotations:
D exclusions: oklob plant and oklob sapling


Innate Abilities, Weirdness & Mutations

You reflexively headbutt those who attack you in melee.
You have a pair of horns on your head.


Message History

Found eight altars.
There is an open door here.
Found a shadowy altar of Dithmenos and a sparkling altar of Nemelex Xobeh.
Found a shimmering altar of Xom and an iron altar of Okawaru.
Found a stormy altar of Qazlal.
There is a radiant altar of Vehumet here.
Found a roughly hewn altar of Beogh and a basalt altar of Yredelemnul.
There is a deep blue altar of Sif Muna here.
You sock the oklob sapling priest! You headbutt the oklob sapling priest.
The oklob sapling priest is heavily damaged.
You hit the oklob sapling priest but do no damage.
The oklob sapling priest is heavily damaged.
The oklob sapling priest spits acid at you.
The splash of acid hits you!
The acid burns!
* * * LOW HITPOINT WARNING * * *
You hit the oklob sapling priest.
The oklob sapling priest is severely damaged.
The oklob sapling priest spits acid at you.
The splash of acid hits you!
You die...

########################
.....#.....#.⌠.........⌠
.....'.#...'._._._._._._.
.....#.#...#_._.@P_._._..
#########'##._._._._._._.
.......'...#.⌠.........⌠
.♣.....#...#############
♣..♣..###### #+##### $$+
###


You could see an oklob sapling priest.

Vanquished Creatures
  A queen bee (D)
  4 killer bees (D)
  2 oklob saplings (D)
  A worker ant (D)
  A green rat (D)
  A rat (D)
10 creatures vanquished.

Notes
Turn   | Place    | Note
--------------------------------------------------------------
     0 | D        | staplegun, the Minotaur Berserker, began the quest for the Orb.
     0 | D        | Reached XP level 1. HP: 19/19 MP: 1/1
    12 | D        | Reached skill level 4 in Fighting
    12 | D        | Reached XP level 2. HP: 6/28 MP: 1/1
   254 | D        | Noticed an oklob sapling
   482 | D        | Killed an oklob sapling
   482 | D        | Reached skill level 5 in Fighting
   482 | D        | Reached skill level 5 in Maces & Flails
   482 | D        | Reached skill level 5 in Armour
   482 | D        | Reached XP level 3. HP: 34/37 MP: 2/2
   484 | D        | Noticed a worker ant
   491 | D        | Killed a worker ant
   491 | D        | Reached skill level 6 in Fighting
   705 | D        | Noticed an oklob sapling
   709 | D        | Killed an oklob sapling
   709 | D        | Reached XP level 4. HP: 45/45 MP: 2/2
   743 | D        | Noticed a queen bee
   744 | D        | Noticed a killer bee
   745 | D        | Noticed a killer bee
   746 | D        | Noticed a killer bee
   752 | D        | Noticed a killer bee
   757 | D        | Killed a killer bee
   757 | D        | Acquired Trog's second power
   757 | D        | Reached skill level 7 in Fighting
   763 | D        | Killed a queen bee
   763 | D        | Reached skill level 9 in Fighting
   763 | D        | Reached XP level 5. HP: 58/58 MP: 2/2
   763 | D        | Reached XP level 6. HP: 66/66 MP: 3/3
   764 | D        | Killed a killer bee
   764 | D        | Reached skill level 10 in Fighting
   764 | D        | Reached skill level 10 in Maces & Flails
   765 | D        | Killed a killer bee
   765 | D        | Reached skill level 10 in Armour
   768 | D        | Killed a killer bee
   770 | D        | Acquired Trog's third power
   944 | D        | Noticed an oklob plant
   952 | D        | Noticed a burning bush
   965 | D        | Found a snail-covered altar of Cheibriados.
   965 | D        | Found a glowing silver altar of Zin.
   965 | D        | Found a white marble altar of Elyvilon.
   966 | D        | Found a glowing golden altar of the Shining One.
   966 | D        | Found a viscous altar of Jiyva.
   966 | D        | Found a radiant altar of Vehumet.
   966 | D        | Found a deep blue altar of Sif Muna.
   966 | D        | Found a burning altar of Makhleb.
   966 | D        | Found an ancient bone altar of Kikubaaqudgha.
   966 | D        | Found a bloodstained altar of Trog.
   966 | D        | Found a corrupted altar of Lugonu.
   966 | D        | Noticed an oklob sapling priest
   967 | D        | Found a shadowy altar of Dithmenos.
   967 | D        | Found a sparkling altar of Nemelex Xobeh.
   968 | D        | Found a shimmering altar of Xom.
   968 | D        | Found an iron altar of Okawaru.
   969 | D        | Found a stormy altar of Qazlal.
   970 | D        | Found a roughly hewn altar of Beogh.
   970 | D        | Found a basalt altar of Yredelemnul.
   974 | D        | Killed from afar by an oklob sapling priest

Action                   |  1- 3 |  4- 6 || total
-------------------------+-------+-------++-------
Melee: Mace              |    21 |    19 ||    40
Invok: Berserk           |     2 |     1 ||     3
  Use: Potion            |       |     2 ||     2
  Eat: Bread ration      |       |     1 ||     1
